 Dungeon Crawl Stone Soup version 0.26.0-10-g1f06aea511 (webtiles) character file.

Game seed: 10734725999860086946

42 homex the Skirmisher (level 3, -2/33 HPs)
             Began as a Draconian Fighter on Jan 16, 2021.
             Slain by an orc priest
             ... wielding a +0 hand axe
              (3 damage)
             ... on level 3 of the Dungeon.
             The game lasted 00:17:55 (684 turns).

homex the Skirmisher (Draconian Fighter)             Turns: 684, Time: 00:17:55

Health: -2/33      AC:  5    Str: 19    XL:     3   Next: 35%
Magic:  3/3        EV: 10    Int:  8    God:
Gold:   45         SH:  9    Dex: 10    Spells: 2/2 levels left

rFire    . . .     SeeInvis .   l - -2 spear (curse)
rCold    . . .     Faith    .   b - +0 kite shield
rNeg     . . .     Spirit   .   (armour unavailable)
rPois    .         Reflect  .   (helmet restricted)
rElec    .         Harm     .   (no cloak)
rCorr    .         Rampage  .   (no gloves)
Will     .....                  (no boots)
Stlth    +.........             m - amulet of inaccuracy (curse)
HPRegen  0.11/turn              (no ring)
MPRegen  0.08/turn              (no ring)

@: no status effects
A: unfitting armour, cold-blooded, AC +5
a: no special abilities


You were on level 3 of the Dungeon.
You visited 1 branch of the dungeon, and saw 3 of its levels.

You collected 45 gold pieces.

Inventory:

Hand Weapons
 a - a +0 hand axe
 h - a +0 mace
 j - a +0 club
 k - a +0 short sword
 l - a cursed -2 spear (weapon)
Missiles
 i - 17 arrows
Armour
 b - a +0 kite shield (worn)
 g - a +0 helmet
Jewellery
 m - a cursed amulet of inaccuracy (around neck)
Scrolls
 d - a scroll of fear {unknown}
 f - a scroll of blinking {unknown}
Potions
 c - a potion of might
 e - a potion of haste {unknown}


   Skills:
 + Level 3.9 Fighting
 + Level 2.1 Short Blades
 + Level 3.0 Dodging
 + Level 3.5 Shields


You had 2 spell levels left.
You didn't know any spells.
Your spell library was empty.

Dungeon Overview and Level Annotations

Branches:
Dungeon (3/15)

Altars:
Gozag


Innate Abilities, Weirdness & Mutations

Your plain brown scales are hard. (AC +5)
You cannot fit into any form of body armour.
You are cold-blooded and may be slowed by cold attacks.


Message History

You block the boomerang.
The weapon returns to the orc!
You barely miss the orc.
The orc throws a boomerang.
The boomerang misses you.
The weapon returns to the orc!
The orc priest barely misses you. You block the orc's attack.
The orc priest hits you but does no damage.
The orc hits you with a +0 hand axe.
* * * LOW HITPOINT WARNING * * *
The orc priest hits you but does no damage.
The orc misses you.
You hit the orc priest but do no damage.
The orc priest completely misses you. The orc barely misses you.
The orc priest hits you with a +0 short sword.
* * * LOW HITPOINT WARNING * * *
The orc hits you with a +0 whip.
* * * LOW HITPOINT WARNING * * *
The orc closely misses you.
Unknown command.
You closely miss the orc.
The orc priest hits you with a +0 hand axe.
You die...

..#....#.#.###.#.#.###
..####.#.#............ #
.......#.#.##..#########.#
.#.......#.##.........<..#
.+.......#.##.############
.#......##.##+######
.#.........#.......##
.#.......###...o....#
.#.......# #...o@o..#
.#.......# #...oo...#..
########.###............
#...(((.######....
######)...# ..o #....# ##
#######....# #..........#
#.#####....#


You could see 2 orc priests and 3 orcs.

Vanquished Creatures
  Jessica (D:2)
  An ooze (D:3)
  A worm (D:3)
  A leopard gecko (D:2)
  2 hobgoblins
  3 kobolds
9 creatures vanquished.

Notes
Turn   | Place    | Note
-------+----------+-------------------------------------------
     0 | D:1      | homex the Draconian Fighter began the quest for the Orb.
     0 | D:1      | Reached XP level 1. HP: 19/19 MP: 1/1
    26 | D:1      | You fall into a shaft and drop 1 floor!
    27 | D:2      | Found an opulent altar of Gozag.
    54 | D:2      | Noticed Jessica
    60 | D:2      | Killed Jessica
    61 | D:2      | Reached XP level 2. HP: 27/27 MP: 2/2
    96 | D:2      | Reached XP level 3. HP: 33/33 MP: 3/3
   683 | D:3      | HP: 1/33 [orc/+0 whip (5)]
   684 | D:3      | Slain by an orc priest

Illustrated notes

Levels and vault maps discovered:
D:1:      erik_arrival_blinker_ship, layout_loops_ring
D:2:      layout_loops_ring, okawaru_altar_gauntlet_db, minmay_fountain_box,
          grunt_gozag_statues, uniq_jessica, uniq_terence, uniq_natasha
D:3:      layout_basic

Skill      XL: |  1 |
---------------+----+-----
Dodging        | 3 |  3.0
Fighting       | |  3.9
Short Blades   | |  2.1
Shields        | |  3.5

Action                   || total
-------------------------++-------
Melee: Rapier            ||    20
       Tailslap          ||     7
       Mace              ||    15
       Hand axe          ||    11
       Spear             ||     6
Armor: Skin              ||    13
Dodge: Dodged            ||    26
Block: Kite shield       ||    28
